 Dungeon Sprint DCSS version 0.30.1-11-g7821555f0a (webtiles) character file.

Game seed: 12172036210939745308

1639 Heoruswealwe the Impaler (level 8, -5/83 HPs)
             Began as a Minotaur Fighter on Oct 31, 2023.
             Was an Initiate of Gozag.
             Slain by a seven-headed hydra (7 damage)
             ... in the Dungeon (Sprint IX: "|||||||||||||||||||||||||||||").
             The game lasted 00:02:48 (328 turns).

Heoruswealwe the Impaler (Minotaur Fighter)          Turns: 328, Time: 00:02:49

Health: -5/83      AC: 14    Str: 23    XL:     8   Next: 66%
Magic:  7/7        EV: 10    Int:  5    God:    Gozag
Gold:   666        SH:  0    Dex: 10    Spells: 7/7 levels left

rFire   . . .        b - +2 halberd (venom)
rCold   . . .        (shield currently unavailable)
rNeg    . . .        c - +0 scale mail
rPois   .            (helmet restricted)
rElec   .            h - +0 cloak
rCorr   .            (no gloves)
SInv    .            (no boots)
Will    .....        (no amulet) Stlth
                     k - +2 ring of protection
HPRegen 0.33/turn    j - +2 ring of protection
MPRegen 0.10/turn

%: no teleportation
@: gold aura
A: horns 2, retaliatory headbutt
a: Renounce Religion, Potion Petition, Call Merchant, Bribe Branch


You were in the Dungeon.
You worshipped Gozag.
Gozag was pleased with you.
You visited 1 branch You collected 666 gold pieces.

Inventory:

Hand Weapons
 a - a +0 trident
 b - a +2 halberd of venom (weapon)
Armour
 c - a +0 scale mail (worn)
 d - a +0 buckler
 h - a +0 cloak (worn)
Jewellery
 j - a +2 ring of protection (right hand)
 k - a +2 ring of protection (left hand)
Wands
 l - a wand of quicksilver (10)
Scrolls
 n - 2 scrolls of blinking
Potions
 e - 5 potions of curing
 f - 2 potions of heal wounds
 g - a potion of haste
 i - a potion of berserk rage
 m - a potion of might


   Skills:
 + Level 12.2 Fighting
 * Level 16.3 Polearms
 + Level 12.2 Armour
 - Level 3.6 Shields


You had 7 spell levels left.
You didn't know any spells.
Your spell library was empty.

Dungeon Overview and Level Annotations

Branches:
Dungeon (1/1)

Altars:
Cheibriados
Dithmenos
Elyvilon
Fedhas
Gozag
Hepliaklqana
Kikubaaqudgha
Makhleb
Nemelex Xobeh
Okawaru
Qazlal
Ru
Sif Muna
Trog
Uskayaw
Vehumet
Wu Jian
Xom
Yredelemnul
Zin
The Shining One
Jiyva
Lugonu


Innate Abilities, Weirdness & Mutations

You have a pair of horns on your head.
You reflexively headbutt those who attack you in melee.


Message History

The manticore is distracted by your dazzling golden aura.
The four-headed hydra bites you but does no damage.
The four-headed hydra bites you. The four-headed hydra bites you! x2
You lop one of the four-headed hydra's heads off!
The three-headed hydra grows two more!
You slash the five-headed hydra!
The five-headed hydra is lightly wounded.
The gnoll sergeant barely misses you.
The five-headed hydra completely misses you.
You furiously retaliate!
You headbutt the five-headed hydra. The five-headed hydra bites you!
The five-headed hydra bites you but does no damage.
The five-headed hydra barely misses you.
The five-headed hydra bites you but does no damage.
You barely miss the five-headed hydra.
The five-headed hydra is moderately wounded.
The manticore is no longer distracted by gold.
The slime creature jiggles.
The gnoll sergeant hits you from afar with a +0 spear.
The five-headed hydra bites you! The five-headed hydra bites you.
The five-headed hydra bites you but does no damage. x2
The five-headed hydra bites you!
* * * LOW HITPOINT WARNING * * *
You lop one of the five-headed hydra's heads off!
The four-headed hydra grows two more!
You slash the six-headed hydra!
The six-headed hydra is poisoned.
The six-headed hydra is lightly wounded.
The gnoll sergeant is distracted by your dazzling golden aura.
The gnoll sergeant shouts!
You chop one of the six-headed hydra's heads off!
The five-headed hydra grows two more!
You slash the seven-headed hydra!
The seven-headed hydra is lightly wounded.
The seven-headed hydra bites you!
* * * LOW HITPOINT WARNING * * *
The seven-headed hydra bites you but does no damage.
The seven-headed hydra bites you!
* * * LOW HITPOINT WARNING * * *
The seven-headed hydra completely misses you.
The seven-headed hydra bites you!
You die...
Your body crumbles into a pile of gold.

▓.▓
▓.▓
▓J▓
▓H▓
▓l▓
▓g▓
▓D▓
▓@▓
$
▓.▓
$
▓.▓
$ $
▓.▓
$
▓.▓
$
▓.▓
▓)▓
$
▓.▓
$
▓.▓
$


You could see a seven-headed hydra (poisoned), a slime creature, a manticore, a
basilisk and a gnoll sergeant.

Vanquished Creatures
  A two-headed ogre (D)
  2 trolls (D)
  A yak (D)
  A wyvern (D)
  A basilisk (D)
  A black bear (D)
  A scorpion (D)
  A killer bee (D)
  A hound (D)
  An adder (D)
  A shadow imp (D)
  An endoplasm (D)
  A giant cockroach (D)
  A hobgoblin (D)
  A kobold (D)
  A bat (D)
17 creatures vanquished.

Notes
Turn   | Place    | Note
-------+----------+-------------------------------------------
     0 | D        | Heoruswealwe the Minotaur Fighter began the quest for the
                  | Orb.
     0 | D        | Reached XP level 1. HP: 19/19 MP: 0/0
     7 | D        | Reached skill level 3 in Polearms
    52 | D        | Noticed a scorpion
    52 | D        | Noticed a black bear
    52 | D        | Noticed a hound
    62 | D        | Reached skill level 4 in Polearms
    62 | D        | Reached XP level 2. HP: 16/28 MP: 1/1
    68 | D        | Reached skill level 5 in Fighting
    68 | D        | Reached skill level 6 in Polearms
    68 | D        | Reached skill level 5 in Armour
    68 | D        | Reached XP level 3. HP: 15/36 MP: 2/2
    72 | D        | Killed a black bear
    73 | D        | Reached skill level 9 in Polearms
    73 | D        | Reached XP level 4. HP: 21/47 MP: 3/3
    73 | D        | Reached XP level 5. HP: 23/52 MP: 4/4
    79 | D        | Reached skill level 10 in Polearms
    85 | D        | Found a snail-covered altar of Cheibriados.
    85 | D        | Found a shadowy altar of Dithmenos.
    85 | D        | Found a white marble altar of Elyvilon.
    85 | D        | Found a blossoming altar of Fedhas.
    85 | D        | Found an opulent altar of Gozag.
    86 | D        | Found a hazy altar of Hepliaklqana.
    87 | D        | Found a viscous altar of Jiyva.
    88 | D        | Found an ancient bone altar of Kikubaaqudgha.
    89 | D        | Found a corrupted altar of Lugonu.
    90 | D        | Found a burning altar of Makhleb.
    91 | D        | Found a sparkling altar of Nemelex Xobeh.
    92 | D        | Found an iron altar of Okawaru.
    93 | D        | Became a worshipper of Gozag Ym Sagoz the Greedy
    94 | D        | Found a stormy altar of Qazlal.
    95 | D        | Found a sacrificial altar of Ru.
    96 | D        | Found a shimmering blue altar of Sif Muna.
    97 | D        | Found a bloodstained altar of Trog.
    98 | D        | Found a hide-covered altar of Uskayaw.
    99 | D        | Found a radiant altar of Vehumet.
   100 | D        | Found an ornate altar of the Wu Jian Council.
   101 | D        | Found a shimmering altar of Xom.
   102 | D        | Found a basalt altar of Yredelemnul.
   103 | D        | Found a glowing silver altar of Zin.
   104 | D        | Found a glowing golden altar of the Shining One.
   179 | D        | Noticed a two-headed ogre
   179 | D        | Noticed a troll
   179 | D        | Noticed a wyvern
   179 | D        | Noticed a yak
   179 | D        | Noticed a troll
   186 | D        | Killed a troll
   187 | D        | Reached skill level 12 in Polearms
   187 | D        | Reached XP level 6. HP: 33/64 MP: 5/5
   191 | D        | Killed a yak
   192 | D        | Reached skill level 10 in Fighting
   192 | D        | Reached skill level 13 in Polearms
   192 | D        | Reached skill level 10 in Armour
   192 | D        | Reached XP level 7. HP: 26/72 MP: 6/6
   196 | D        | Killed a wyvern
   199 | D        | Killed a troll
   200 | D        | Reached skill level 14 in Polearms
   205 | D        | Killed a two-headed ogre
   206 | D        | Reached skill level 15 in Polearms
   206 | D        | Reached XP level 8. HP: 53/83 MP: 7/7
   209 | D        | Reached skill level 16 in Polearms
   316 | D        | Noticed a slime creature
   316 | D        | Noticed a manticore
   316 | D        | Noticed a four-headed hydra
   328 | D        | HP: 2/83 [seven-headed hydra (8)]
   328 | D        | Slain by a seven-headed hydra

Illustrated notes

Levels and vault maps discovered:
D:        linesprint [early_d, line_temple, items_1, d_10, items_2, lair_1,
          lair_end, items_3, orc_1, orc_end, items_4, d_15, swamp_1, shoals_1,
          snake_1, spider_1, d_20, vaults_1, items_5, swamp_end, shoals_end,
          snake_end, spider_end, vaults_end, d_27, items_6, zot_1, zot_end,
          crypt_end, forest_end, elf_end, slime_end, tomb_end, abyss_end,
          pan_hell_end]

Skill      XL: |  1  2  3  4  5  6  7  8 |
---------------+-------------------------+-----
Polearms       | 4 6 9 12 13 15 16 | 16.3
Fighting       | 4 5 7 9 10 12 | 12.2
Armour         | 4 5 7 9 10 11 12 | 12.2
Shields        | |  3.6

Action                     |  1- 3 |  4- 6 |  7- 9 || total
---------------------------+-------+-------+-------++-------
  Melee: Trident           |    29 |     6 |       ||    35
         Headbutt          |     6 |     3 |     5 ||    14
         Halberd           |       |    12 |    26 ||    38
    Use: Potion            |       |       |     1 ||     1
 Armour: Scale mail        |    12 |     7 |    13 ||    32
  Dodge: Dodged            |    11 |    11 |    15 ||    37
  Block: Buckler           |     5 |     2 |       ||     7
